 Dungeon Crawl Stone Soup version 0.32-a0-933-ga8fa3634e4 (webtiles) character file.

Game seed: 10429584876917381266

287020 Konar the Slayer (level 20, -5/167 HPs)
             Began as a Coglin Hunter on Apr 14, 2024.
             Was the Champion of Hepliaklqana.
             Shot with an arrow by a centaur warrior (13 damage)
             ... on level 1 of the Vaults.
             The game lasted 00:40:49 (38574 turns).

Konar the Slayer (Coglin Hunter)                   Turns: 38574, Time: 00:40:50

Health: -5/167     AC:  8    Str: 11    XL:     20   Next: 65%
Magic:  27/27      EV: 27    Int: 15    God:    Hepliaklqana [******]
Gold:   3895       SH:  0    Dex: 26    Spells: 19/19 levels left

rFire   + . .        a - +8 sling (drain) {Úrsula}
rCold   + . .        s - +2 sling (drain) {Thatsani}
rNeg    . . .        B - +0 robe of Bellicose Happiness {rElec rC+ Regen+}
rPois   +            T - +1 hat {Will+}
rElec   +            Y - scarf {+Inv}
rCorr   +            n - +1 pair of gloves
SInv    .            W - +2 pair of boots of the Last Leaping Tusks {Harm Int+5}
Will    ++...        (amulet unavailable)
Stlth   ++           (ring unavailable)
HPRegen 1.27/turn    (ring unavailable)
MPRegen 0.60/turn    F - bismuth ramjet {RevMP, rPois rF+ rCorr}

%: harm (+30% outgoing, +20% incoming)
@: about to teleport, invisible, revving
A: reduced essence, off-hand wielding, slow wielding, warmup strikes, no
jewellery
}: 2/15 runes: barnacled, gossamer
a: Renounce Religion, Evoke Invisibility, Recall Ancestor, Ancestor Identity,
Transference, Idealise


You were on level 1 of the Vaults.
You worshipped Hepliaklqana.
Hepliaklqana was exalted by your worship.
You visited 8 branches of the dungeon, and saw 35 of its levels.
You also visited: Ice Cave.

You collected 4719 gold pieces.
You spent 824 gold pieces at shops.

Inventory:

Hand Weapons
 a - a +8 sling of draining (weapon) {Úrsula}
 s - a +2 sling of draining (offhand) {Thatsani}
Armour
 n - a +1 pair of gloves (worn)
 B - the +0 robe of Bellicose Happiness (worn) {rElec rC+ Regen+}
   (You bought it in a shop on level 2 of the Orcish Mines)

   rC+:       It protects you from cold.
   rElec:     It insulates you from electricity.
   Regen+:    It increases your rate of health regeneration.
 E - the +1 robe "Pisig" {rF++ Str-3 Int+2 SInv}
   (You found it on level 5 of the Lair of Beasts)

   Str-3:     It affects your strength (-3).
   Int+2:     It affects your intelligence (+2).
   rF++:      It greatly protects you from fire.
   SInv:      It lets you see invisible.
 I - a +2 leather armour of willpower
 K - a +1 leather armour of resistance
 T - a +1 hat of willpower (worn)
 W - the +2 pair of boots of the Last Leaping Tusks (worn) {Harm Int+5}
   (You bought it in a shop on level 4 of the Shoals)

   Int+5:     It affects your intelligence (+5).
   Harm:      It increases damage dealt and taken.
 Y - a scarf of invisibility (worn)
Gizmo
 F - a bismuth ramjet (installed) {RevMP, rPois rF+ rCorr}
   (You invented it yourself on level 5 of the Lair of Beasts)

   [bismuth ramjet]

   RevMP:     Your magic regeneration increases greatly based on how Revved you
   are.
   rF+:       It protects you from fire.
   rPois:     It protects you from poison.
   rCorr:     It protects you from acid and corrosion.
Wands
 p - a wand of iceblast (37)
 r - a wand of flame (53)
 y - a wand of paralysis (23)
 D - a wand of mindburst (4)
 L - a wand of polymorph (5)
 U - a wand of digging (6)
 Z - a wand of acid (12)
Scrolls
 b - 2 scrolls of butterflies
 m - 7 scrolls of amnesia
 o - 6 scrolls of teleportation
 t - a scroll of brand weapon
 u - 2 scrolls of revelation
 v - 8 scrolls of poison
 M - 3 scrolls of blinking
 N - a scroll of vulnerability
 P - 12 scrolls of identify
 Q - 3 scrolls of fog
 S - 3 scrolls of noise
 V - 3 scrolls of torment
Potions
 d - a potion of cancellation
 e - 7 potions of attraction
 f - 9 potions of might
 g - 13 potions of ambrosia
 i - a potion of magic
 j - 8 potions of curing
 k - 4 potions of resistance
 l - 8 potions of mutation
 q - 10 potions of heal wounds
 x - 6 potions of lignification
 A - 4 potions of berserk rage
 G - 3 potions of haste
 H - 4 potions of brilliance
 J - 2 potions of enlightenment
Miscellaneous
 h - a lightning rod (4/4)
 O - a phantom mirror
 X - a phial of floods


   Skills:
 + Level 23.5 Fighting
 - Level 14.0 Ranged Weapons
 + Level 16.8 Dodging
 - Level 0.7 Stealth
 - Level 10.0 Invocations
 * Level 15.4 Evocations


You had 19 spell levels left.
You didn't know any spells.
Your spell library contained the following spells:

 Spells                   Type           Power      Damage    Failure   Level
 Apportation              Tloc           0%         N/A       26%         1
 Necrotise                Necr           0%         1d4       26%         1
 Shock                    Conj/Air       0%         1d3       26%         1
 Slow                     Hex            0%         N/A       26%         1
 Sting                    Conj/Alch      0%         1d3       26%         1
 Summon Small Mammal      Summ           0%         N/A       26%         1
 Blink                    Tloc           0%         N/A       38%         2
 Call Imp                 Summ           0%         N/A       38%         2
 Cigotuvi's Dreadful Rot  Necr/Alch/Air  0%         N/A       38%         2
 Ensorcelled Hibernation  Hex/Ice        0%         N/A       38%         2
 Lesser Beckoning         Tloc           0%         N/A       38%         2
 Momentum Strike          Conj/Tloc      0%         3d8       38%         2
 Sublimation of Blood     Necr           0%         N/A       38%         2
 Call Canine Familiar     Summ           0%         N/A       63%         3
 Confusing Touch          Hex            0%         N/A       63%         3
 Hailstorm                Conj/Ice       0%         3d5       63%         3
 Inner Flame              Hex/Fire       0%         N/A       63%         3
 Passwall                 Erth           0%         N/A       63%         3
 Sigil of Binding         Hex            0%         N/A       63%         3
 Stone Arrow              Conj/Erth      0%         3d7       63%         3
 Summon Ice Beast         Ice/Summ       0%         N/A       63%         3
 Swiftness                Air            0%         N/A       63%         3
 Tukima's Dance           Hex            0%         N/A       63%         3
 Vampiric Draining        Necr           0%         2d6       63%         3
 Volatile Blastmotes      Fire/Tloc      0%         2d10      63%         3
 Airstrike                Air            0%         2d(0-16)  95%         4
 Animate Armour           Summ/Erth      0%         N/A       95%         4
 Brom's Barrelling Bould  Conj/Erth      0%         2d3       95%         4
 Dimensional Bullseye     Hex/Tloc       0%         N/A       95%         4
 Dispel Undead            Necr           0%         3d6       95%         4
 Flame Wave               Conj/Fire      0%         2d4       95%         4
 Fulminant Prism          Conj/Alch      0%         3d5       95%         4
 Iskenderun's Mystic Bla Conj/Tloc 0%             2d3        (+2d1     95%         4
 Leda's Liquefaction      Alch/Erth      0%         N/A       95%         4
 Martyr's Knell           Necr/Summ      0%         N/A       95%         4
 Petrify                  Alch/Erth      0%         N/A       95%         4
 Sticky Flame             Fire/Alch      0%         2d4       95%         4
 Summon Lightning Spire   Summ/Air       0%         N/A       95%         4
 Lee's Rapid Deconstruct  Erth           0%         3d4*      100%        5
 Metabolic Englaciation   Hex/Ice        0%         N/A       100%        5
 Permafrost Eruption      Ice/Erth       0%         2x4d1     100%        6
 Sculpt Simulacrum        Ice/Alch       0%         N/A       100%        6
 Summon Cactus Giant      Summ           0%         N/A       100%        6
 Malign Gateway           Summ/Tloc      0%         N/A       100%        7
 Summon Hydra             Summ           0%         N/A       100%        7
 Lehudib's Crystal Spear  Conj/Erth      0%         10d2      100%        8
 Summon Horrible Things   Summ           0%         N/A       100%        8


Dungeon Overview and Level Annotations

Branches:
Dungeon (15/15)            Temple (1/1) D:5            Lair (5/5) D:10
 Shoals (4/4) Lair:2       Spider (4/4) Lair:3        Slime (0/5) Lair:4
    Orc (2/2) D:11            Elf (3/3) Orc:2        Vaults (1/5) D:13
 Depths (0/4) D:15          IceCv (visited)

Altars:
Ashenzari
Cheibriados
Dithmenos
Elyvilon
Fedhas
Gozag
Hepliaklqana
Kikubaaqudgha
Makhleb
Nemelex Xobeh
Okawaru
Qazlal
Ru
Sif Muna
Trog
Uskayaw
Vehumet
Wu Jian
Xom
Yredelemnul
Zin
The Shining One
Beogh
Lugonu

Shops:
D:5 *   Orc:2 ?*:([   Elf:2 (   Shoals:2 :   Shoals:3 [   Shoals:4 [

Portals:
Trove: Elf:1 (give +3 gold dragon scales)

Annotations:
D:1 2 transporters
D:7 1 runed translucent door
D:13 2 transporters, NotYourErnst's ghost, journeyman VSIE
D:14 2 transporters, Poteig's ghost, journeyman DrCj
Temple 4 transporters


Innate Abilities, Weirdness & Mutations

Your life essence is reduced to manifest your ancestor. (-10% HP)
You can wield a second weapon in your off-hand.
It takes a long time for you to wield or remove held weapons.
Your first few attacks do less damage.
You cannot equip rings or amulets.


Message History

Arma freezes the centaur warrior!
Something misses your butterfly. Something barely misses your butterfly.
Arma hits the centaur warrior with a +0 lajatang of freezing!
Arma freezes the centaur warrior.
The centaur warrior dies!
The centaur warrior's corpse dissolves into shadows!
The vault warden hits Arma with a +0 long sword!
You swap places.
Your surroundings suddenly seem different.
A vault sentinel, 3 centaur warriors and an ironbound convoker come into view.
Found a scroll labelled ZOBUNI ALIFI and 25 gold pieces.
The vault sentinel shouts!
The centaur warrior shouts!
You hear a shout!
The centaur warrior wields a +0 shortbow.
The centaur warrior shoots an arrow.
The arrow hits you!
* * * LOW HITPOINT WARNING * * *
A centaur warrior comes into view.
The ironbound convoker begins to recite a word of recall!
The vault sentinel gestures at you while chanting.
You struggle to resist.
The centaur warrior moves out of view.
As you read the scroll of teleportation, it crumbles to dust.
You feel strangely unstable.
The centaur warrior shouts!
You hear a shout!
Arma has departed this plane of existence.
The centaur warrior wields a +0 shortbow.
The centaur warrior shoots an arrow.
The arrow hits you!
* * * LOW HITPOINT WARNING * * *
The centaur warrior shoots an arrow.
The arrow completely misses you.
The centaur warrior wields a +0 shortbow.
The centaur warrior shoots an arrow.
The arrow barely misses you.
The vault sentinel casts a spell at you.
You struggle to resist.
You fade into invisibility!
The centaur warrior shoots an arrow.
The arrow closely misses you.
The centaur warrior shoots an arrow.
The arrow completely misses you.
The centaur warrior wields a +0 shortbow.
The centaur warrior shoots an arrow.
The arrow completely misses you.
The vault sentinel blows a loud note on a signal horn!
The centaur warrior shoots an arrow.
The arrow hits you!
You die...
Hepliaklqana delivers you to your ancestors.

.#. #..$# .
.?. c...+
.. c. #...+
... c.....#
..#. c#...+
..... ...p#
..#...#...#
.......@..#
..#...#...#
.p... ....#
#### ###+##


You could see 4 centaur warriors, a vault sentinel (catching breath) and an
ironbound convoker (chanting recall, unable to see you).

Vanquished Creatures
  Nikola (Shoals:1)
  Polyphemus (Shoals:2)
  A kraken (Shoals:1)
  Roxanne (Shoals:3)
  Ilsuiw (Shoals:3)
  3 emperor scorpions
  A deep elf sorcerer (Elf:1)
  4 ghost moths
  An orc warlord (Orc:2)
  2 broodmothers
  A deep elf annihilator (Elf:1)
  A deep elf demonologist (Elf:1)
  2 dire elephants (Vaults:1)
  A deep elf death mage (Elf:1)
  Nessos (Lair:4)
  A spark wasp (Spider:4)
  7 merfolk javelineers
  4 merfolk impalers (Shoals:4)
  2 entropy weavers
  A yaktaur captain (Vaults:1)
  2 vault guards (D:13)
  An ogre mage (D:15)
  An alligator (Shoals:4)
  A rakshasa (D:15)
  6 centaur warriors
  3 merfolk aquamancers
  5 hydras
  An alligator snapping turtle (Shoals:2)
  2 merfolk avatars (Shoals:4)
  3 radroaches (Spider:4)
  14 dancing weapons
  A catoblepas (Shoals:2)
  7 two-headed ogres
  6 death yaks
  4 boulder beetles
  A satyr (Shoals:2)
  A demonic crawler (Spider:3)
  2 orc high priests
  18 deep elf knights
  3 skysharks
  2 pharaoh ants
  14 sea snakes
  7 deep elf archers
  5 orb spiders
  An arcanist (D:13)
  A kraken simulacrum (Shoals:4)
  2 steelbarb worms
  10 orc knights
  4 thermic dynamos (Elf:2)
  29 deep elf pyromancers
  15 deep elf zephyrmancers
  19 ugly things
  19 wolf spiders
  25 manticores
  3 fauns (Shoals:2)
  7 harpies
  4 orc sorcerers
  4 cyclopes (D:11)
  10 elephants
  3 meliai (Spider:1)
  3 moths of wrath
  12 merfolk sirens
  4 water nymphs
  5 torpor snails
  4 black mambas
  A gargoyle (D:10)
  An unseen horror (D:11)
  7 cane toads
  A rime drake (Lair:4)
  A freezing wraith (D:15)
  4 komodo dragons
  4 yaktaurs
  2 ice devils (Orc:2)
  A yaktaur (shapeshifter) (D:14)
  8 trolls
  3 polar bears
  A wind drake (Shoals:3)
  24 merfolk
  3 hornets (Lair:5)
  21 tarantellas
  20 jumping spiders
  Grinder (D:3)
  6 blink frogs
  A jumping spider (shapeshifter) (D:11)
  A snapping turtle (shapeshifter) (Elf:2)
  8 snapping turtles
  5 slime creatures (D:15)
  6 dream sheep
  2 air elementals (Elf:1)
  A centaur simulacrum (D:15)
  7 spriggans (Lair:5)
  A shadow (D:11)
  21 culicivoras
  2 wyverns (Lair:5)
  3 steam dragons
  2 fire bats (Shoals:1)
  A vampire (D:11)
  2 fire elementals
  7 water elementals
  35 yaks
  Grum (D:8)
  A basilisk (Lair:5)
  3 wargs
  A wraith (D:11)
  14 humans (D:13)
  44 redbacks
  3 vampire mosquitoes
  2 acid dragons (D:11)
  8 water moccasins
  A hydra simulacrum (IceCv)
  A swamp drake (shapeshifter) (D:11)
  An ice beast (D:7)
  17 orc warriors
  8 ogres
  3 black bears (D:5)
  4 boggarts (Lair:5)
  19 centaurs
  22 wolves
  2 phantoms
  2 kobold brigands
  13 bullfrogs
  A gnoll sergeant (D:6)
  3 scorpions
  6 wights (D:8)
  An elephant simulacrum (IceCv)
  13 killer bees
  3 howler monkeys
  5 electric eels
  3 hounds
  3 jellies (D:5)
  A bombardier beetle (D:5)
  19 orc priests
  A gnoll bouda (D:6)
  3 iguanas
  28 orc wizards
  2 polar bear simulacra (IceCv)
  A wolf simulacrum (IceCv)
  25 gnolls
  2 adders
  A shadow imp (D:6)
  3 white imps
  3 dart slugs
  A ribbon worm (D:2)
  75 orcs
  3 bats
  9 endoplasms
  5 giant cockroaches
  6 goblins
  4 hobgoblins
  A hobgoblin (shapeshifter) (D:14)
  3 jackals (D:3)
  3 quokkas
  6 ball pythons
  A frilled lizard (D:2)
  39 kobolds
  5 rats
1003 creatures vanquished.

Vanquished Creatures (collateral kills)
  Arachne (Spider:4)
  Mlioglotl (Spider:3)
  2 emperor scorpions (Spider:4)
  2 ghost moths (Spider:4)
  2 broodmothers (Spider:4)
  A deep elf annihilator (Elf:2)
  2 dire elephants
  A spark wasp (Spider:4)
  8 merfolk impalers
  2 entropy weavers
  3 merfolk javelineers (Shoals:4)
  A rakshasa (D:13)
  An ogre mage (Orc:2)
  3 merfolk aquamancers (Shoals:4)
  An alligator snapping turtle (Shoals:2)
  4 merfolk avatars
  2 radroaches
  2 centaur warriors
  11 dancing weapons
  A two-headed ogre (D:15)
  2 death knights
  3 boulder beetles
  5 demonic crawlers
  A satyr (Shoals:2)
  4 death yaks
  5 deep elf knights
  2 pharaoh ants
  A skyshark (Shoals:3)
  2 fire crabs (Shoals:1)
  7 deep elf archers
  A sun moth (Spider:2)
  3 sea snakes (Shoals:4)
  5 orb spiders
  An arcanist (D:13)
  A phantasmal warrior (D:15)
  2 thermic dynamos
  An orc knight (Orc:2)
  A deep elf zephyrmancer (Elf:1)
  7 wolf spiders
  5 deep elf pyromancers
  3 steelbarb worms
  6 ugly things
  2 cyclopes
  3 manticores
  5 elephants
  A faun (Shoals:1)
  A meliai (D:11)
  A black mamba (Lair:3)
  A kobold blastminer (Orc:1)
  3 ice statues (IceCv)
  5 merfolk sirens
  2 gargoyles
  A komodo dragon (Lair:1)
  4 cane toads
  A freezing wraith (D:15)
  An anaconda simulacrum (IceCv)
  4 polar bears
  3 wind drakes
  A troll (D:11)
  10 merfolk
  15 jumping spiders
  12 tarantellas
  5 snapping turtles
  3 blink frogs
  A slime creature (D:15)
  A wyvern (Lair:1)
  5 water elementals
  4 spriggans (Lair:5)
  13 culicivoras
  2 air elementals (Elf:1)
  5 humans (D:13)
  A shadow (D:10)
  A wraith (D:11)
  2 basilisks
  19 yaks
  25 redbacks
  2 vampire mosquitoes (D:13)
  A steam dragon (D:8)
  2 acid dragons
  2 water moccasins
  9 orc warriors
  3 black bears
  A boggart (Lair:5)
  9 wolves
  A centaur (D:12)
  A phantom (D:6)
  A kobold brigand (D:6)
  2 bullfrogs (D:8)
  2 earth elementals
  3 wights
  5 killer bees
  A howler monkey (D:11)
  4 orc priests (Orc:2)
  A gnoll bouda (D:7)
  3 orc wizards
  A polar bear simulacrum (IceCv)
  4 gnolls (D:6)
  8 orcs
  A hobgoblin (D:6)
  5 kobolds
354 creatures vanquished.

Vanquished Creatures (others)
  A deep elf pyromancer (D:14)
  26 battlemagi
  An ancestor (D:6)
  12 tentacles
40 creatures vanquished.

Grand Total: 1397 creatures vanquished

Notes
Turn   | Place    | Note
-------+----------+-------------------------------------------
     0 | D:1      | Konar the Coglin Hunter began the quest for the Orb.
     0 | D:1      | Reached XP level 1. HP: 16/16 MP: 1/1
    53 | D:1      | Found a faded altar of an unknown god.
   183 | D:1      | Reached XP level 2. HP: 20/22 MP: 2/2
   591 | D:2      | Reached XP level 3. HP: 27/27 MP: 3/3
   674 | D:2      | Reached skill level 5 in Ranged Weapons
   674 | D:2      | Reached XP level 4. HP: 29/33 MP: 4/4
  1291 | D:3      | Found a stormy altar of Qazlal.
  1410 | D:3      | Noticed Grinder
  1417 | D:3      | Killed Grinder
  1418 | D:3      | Reached XP level 5. HP: 11/38 MP: 5/5
  1418 | D:3      | Reached XP level 6. HP: 13/44 MP: 6/6
  2167 | D:4      | Found an ornate altar of the Wu Jian Council.
  2183 | D:4      | Reached XP level 7. HP: 50/50 MP: 7/7
  2286 | D:4      | Found an opulent altar of Gozag.
  2399 | D:5      | Entered Level 5 of the Dungeon
  2683 | D:5      | Found a staircase to the Ecumenical Temple.
  2693 | Temple   | Found a transporter.
  2693 | Temple   | Found a transporter.
  2693 | Temple   | Found a transporter.
  2693 | Temple   | Found a transporter.
  2693 | Temple   | Entered the Ecumenical Temple
  2711 | Temple   | Became a worshipper of Hepliaklqana the Forgotten
  2877 | D:5      | Found Rilaqagg's Assorted Antiques.
  2884 | D:5      | Bought a scroll labelled UMACVEL FA ULYNGO for 25 gold
                  | pieces
  2955 | D:5      | Reached XP level 8. HP: 22/56 MP: 8/8
  3129 | D:5      | Found a sacrificial altar of Ru.
  3814 | D:6      | Found a sparkling altar of Nemelex Xobeh.
  3818 | D:6      | Reached * piety under Hepliaklqana
  3831 | D:6      | Found a bloodstained altar of Trog.
  3918 | D:6      | Reached skill level 10 in Ranged Weapons
  3955 | D:6      | Found a hide-covered altar of Uskayaw.
  4112 | D:6      | Found a shimmering blue altar of Sif Muna.
  4288 | D:6      | Found a basalt altar of Yredelemnul.
  4289 | D:6      | Found a glowing silver altar of Zin.
  4296 | D:6      | Found an iron altar of Okawaru.
  5310 | D:6      | Reached XP level 9. HP: 54/54 MP: 9/9
  5513 | D:6      | Reached ** piety under Hepliaklqana
  5514 | D:6      | Remembered your ancestor Arma as a battlemage
  5939 | D:7      | Noticed a gargoyle
  5943 | D:7      | Killed a gargoyle
  6033 | D:7      | Noticed a sixfirhy
  6035 | D:7      | Found a runed translucent door.
  6170 | D:7      | Found a glowing golden altar of the Shining One.
  6510 | D:7      | Found a shadowy altar of Dithmenos.
  6885 | D:8      | Reached XP level 10. HP: 60/60 MP: 10/10
  6939 | D:8      | Noticed Grum
  6952 | D:8      | Killed Grum
  7411 | D:8      | Reached *** piety under Hepliaklqana
  7934 | D:9      | Found a broken altar of Ashenzari.
  7953 | D:9      | Reached skill level 1 in Invocations
  7956 | D:9      | Reached skill level 3 in Fighting
  8206 | D:9      | Reached skill level 4 in Fighting
  8667 | D:9      | Noticed a two-headed ogre
  8673 | D:9      | Killed a two-headed ogre
  8674 | D:9      | Reached skill level 5 in Fighting
  8674 | D:9      | Reached XP level 11. HP: 72/72 MP: 11/13
  8741 | D:10     | Entered Level 10 of the Dungeon
  8920 | D:10     | Reached skill level 6 in Fighting
  9041 | D:10     | Found a white marble altar of Elyvilon.
  9172 | D:10     | Reached **** piety under Hepliaklqana
  9313 | D:10     | Found a staircase to the Lair.
  9517 | Lair:1   | Entered Level 1 of the Lair of Beasts
  9610 | Lair:1   | Reached skill level 7 in Fighting
  9784 | Lair:1   | Reached skill level 5 in Dodging
 10154 | Lair:1   | Reached skill level 8 in Fighting
 10681 | Lair:2   | Found a staircase to the Shoals.
 10681 | Lair:2   | Noticed a manticore
 10686 | Lair:2   | Noticed a manticore
 10688 | Lair:2   | Killed a manticore
 10691 | Lair:2   | Killed a manticore
 10774 | Lair:2   | Reached XP level 12. HP: 69/84 MP: 15/15
 10837 | Lair:2   | Reached skill level 9 in Fighting
 10837 | Lair:2   | Reached skill level 5 in Invocations
 10990 | Lair:2   | Reached ***** piety under Hepliaklqana
 11845 | Lair:3   | Reached skill level 10 in Fighting
 11866 | Lair:3   | Identified the +7 scimitar of Ipse Dixit {flame, Will++}
 11953 | Lair:3   | Noticed a five-headed hydra
 11960 | Lair:3   | Killed a five-headed hydra
 12041 | Lair:3   | Noticed a six-headed hydra
 12046 | Lair:3   | Killed a six-headed hydra
 12119 | Lair:3   | Reached skill level 11 in Fighting
 12146 | Lair:3   | Found a hole to the Spider Nest.
 12195 | Lair:3   | Noticed a six-headed hydra
 12199 | Lair:3   | Killed a six-headed hydra
 12200 | Lair:3   | Reached XP level 13. HP: 95/95 MP: 17/17
 12751 | Lair:4   | Reached skill level 12 in Fighting
 12900 | Lair:4   | Noticed Nessos
 12906 | Lair:4   | Killed Nessos
 13162 | Lair:4   | Found a staircase to the Slime Pits.
 13689 | Lair:5   | Entered Level 5 of the Lair of Beasts
 14043 | Lair:5   | Reached skill level 13 in Fighting
 14128 | Lair:5   | Identified the +1 robe "Pisig" {rF++ Str-3 Int+2 SInv}
 14274 | Lair:5   | Reached XP level 14. HP: 106/106 MP: 19/19
 14274 | Lair:5   | Acquired a bismuth ramjet {RevMP, rPois rF+ rCorr}
 14398 | Lair:5   | Reached skill level 14 in Fighting
 15412 | D:11     | Identified the ring "Nuteko" {^Contam Fly rElec rN+++
                  | Dex-2}
 15518 | D:11     | Identified the +1 spear of the Toadstool {freeze, rF++ rC++
                  | Will+ Dex-3}
 15688 | D:11     | Reached skill level 10 in Dodging
 15688 | D:11     | Identified the ring of Ireilus {rPois rCorr Dex+6}
 15690 | D:11     | Reached skill level 15 in Fighting
 15986 | D:11     | Got Gyejuaz's Vellum of Cunning Command
 16338 | D:11     | Found a staircase to the Orcish Mines.
 16485 | Orc:1    | Entered Level 1 of the Orcish Mines
 16714 | Orc:1    | Reached ****** piety under Hepliaklqana
 16869 | Orc:2    | Entered Level 2 of the Orcish Mines
 16913 | Orc:2    | Found a roughly hewn altar of Beogh.
 16934 | Orc:2    | Found a roughly hewn altar of Beogh.
 17015 | Orc:2    | Reached XP level 15. HP: 112/116 MP: 21/21
 17109 | Orc:2    | Found a frozen archway.
 17134 | IceCv    | Entered an ice cave
 17603 | Orc:2    | Found Coschuschi's Magic Scroll Shoppe.
 17660 | Orc:2    | Found a staircase to the Elven Halls.
 17781 | Orc:2    | Reached skill level 16 in Fighting
 17786 | Orc:2    | Found a roughly hewn altar of Beogh.
 17786 | Orc:2    | Noticed an orc warlord
 17802 | Orc:2    | Killed an orc warlord
 17856 | Orc:2    | Found Qena's Antique Weapon Emporium.
 17962 | Orc:2    | Found Toij's Book Emporium.
 17978 | Orc:2    | Found Guonocip's General Store.
 17993 | Orc:2    | Found Yxkicas's Antique Armour Emporium.
 18001 | Orc:2    | Bought a crude robe for 159 gold pieces
 18001 | Orc:2    | Identified the +0 robe of Bellicose Happiness {rElec rC+
                  | Regen+} (You bought it in a shop on level 2 of the Orcish
                  | Mines)
 19552 | D:13     | Identified the +10 war axe of Classification {freeze, *Rage
                  | rPois Dex+7}
 19571 | D:13     | Found a transporter.
 19572 | D:13     | Found a transporter.
 19572 | D:13     | Noticed NotYourErnst's ghost (journeyman VSIE)
 19828 | D:13     | Reached skill level 10 in Invocations
 19898 | D:13     | Found a gate to the Vaults.
 20349 | D:14     | Identified the +1 chain mail of the Inquisitive Olives {Fly
                  | rN+++ Will- MP-9}
 20478 | D:14     | Found a transporter.
 20669 | D:14     | Reached skill level 17 in Fighting
 20731 | D:14     | Found a stormy altar of Qazlal.
 20811 | D:14     | Noticed Poteig's ghost (journeyman DrCj)
 20818 | D:14     | Found a transporter.
 21380 | D:15     | Entered Level 15 of the Dungeon
 21492 | D:15     | Reached XP level 16. HP: 126/126 MP: 23/23
 21513 | D:15     | Got More Studies in the Cryptic Practices
 21723 | D:15     | Reached skill level 18 in Fighting
 21835 | D:15     | Found a staircase to the Depths.
 22676 | Shoals:1 | Entered Level 1 of the Shoals
 22798 | Shoals:1 | Identified the -2 pair of gloves "Qif Midgh" {Regen+ Int+6
                  | Slay-4}
 22798 | Shoals:1 | Noticed Nikola
 22807 | Shoals:1 | Killed Nikola
 23523 | Shoals:1 | Reached skill level 19 in Fighting
 23537 | Shoals:1 | Noticed a kraken
 23560 | Shoals:1 | Killed a kraken
 23931 | Shoals:2 | Noticed Polyphemus
 24008 | Shoals:2 | Found Atoroeh's Book Emporium.
 24463 | Shoals:2 | Reached XP level 17. HP: 96/137 MP: 24/24
 24683 | Shoals:2 | Killed Polyphemus
 25757 | Shoals:3 | Noticed Roxanne
 25865 | Shoals:3 | Reached skill level 20 in Fighting
 26451 | Shoals:3 | Found Woussef's Antique Armour Emporium.
 26788 | Shoals:3 | Killed Roxanne
 26974 | Shoals:4 | Entered Level 4 of the Shoals
 27019 | Shoals:4 | Found Taso's Armour Shop.
 27308 | Shoals:4 | Noticed Ilsuiw
 27545 | Shoals:3 | Killed Ilsuiw
 27920 | Shoals:4 | Identified the +7 whip of Mayhem {venom, rElec rPois
                  | Stlth+}
 28070 | Shoals:4 | Reached skill level 21 in Fighting
 28168 | Shoals:4 | Reached XP level 18. HP: 100/149 MP: 25/25
 28427 | Shoals:4 | Got a barnacled rune of Zot
 28493 | Shoals:4 | Bought the +2 pair of boots of the Last Leaping Tusks {Harm
                  | Int+5} for 640 gold pieces
 28624 | Shoals:4 | Identified the +1 leather armour of Lusohiw {rF++}
 28718 | Shoals:4 | Got the Catalogue of Egalitarianism
 29109 | Spider:1 | Entered Level 1 of the Spider Nest
 29657 | Spider:1 | Reached skill level 22 in Fighting
 29918 | Spider:1 | Identified the +4 short sword of Pos Kev {drain, rC++
                  | Dex+5}
 30121 | Spider:2 | Reached skill level 15 in Dodging
 31082 | Spider:2 | Reached skill level 1 in Evocations
 32071 | Spider:3 | Noticed Mlioglotl
 32093 | Spider:3 | Killed Mlioglotl
 32282 | Spider:3 | Reached skill level 5 in Evocations
 32821 | Spider:3 | Reached XP level 19. HP: 158/158 MP: 26/26
 33224 | Spider:4 | Entered Level 4 of the Spider Nest
 34563 | Spider:4 | Noticed Arachne
 34572 | Spider:4 | Killed Arachne
 34960 | Spider:4 | Reached skill level 10 in Evocations
 35344 | Spider:4 | Got a gossamer rune of Zot
 35814 | Elf:1    | Entered Level 1 of the Elven Halls
 35865 | Elf:1    | Reached skill level 23 in Fighting
 35995 | Elf:1    | Paralysed by an air elemental for 1 turns
 36100 | Elf:1    | Found a portal to a secret trove of treasure.
 36169 | Elf:1    | Found a shimmering blue altar of Sif Muna.
 36416 | Elf:1    | Found a roughly hewn altar of Beogh.
 36437 | Elf:1    | Found a corrupted altar of Lugonu.
 36552 | Elf:1    | Reached XP level 20. HP: 166/166 MP: 27/27
 36782 | Elf:1    | Found a shimmering blue altar of Sif Muna.
 36899 | Elf:2    | Found Gourr's Weapon Shop.
 37273 | Elf:2    | Found a runed translucent gate.
 37274 | Elf:2    | Found a runed translucent gate.
 37557 | Elf:2    | Found a runed translucent gate.
 38072 | Elf:2    | Reached skill level 15 in Evocations
 38304 | Elf:3    | Entered Level 3 of the Elven Halls
 38511 | Vaults:1 | Entered Level 1 of the Vaults
 38573 | Vaults:1 | HP: 7/167 [centaur warrior/arrow (16)]
 38574 | Vaults:1 | Shot with an arrow by a centaur warrior

Illustrated notes

Levels and vault maps discovered:
D:1:      spicycebolla_arrival_transporter_tutorial, layout_rooms,
          ebering_ecumenical_altar_hall
D:2:      layout_basic, serial_curves, eino_curves_03, eino_curves_03
D:3:      layout_rooms, lemuel_coloured_pillars_altar, uniq_grinder
D:4:      layout_basic, lemuel_doored_altar,
          mainiacjoe_overflow_concentric_impassable
D:5:      cheibrodos_fertilizer, layout_loops_cross,
          nicolae_ru_sacrificial_ziggurat,
          minmay_temple_entry_statues_fountains, serial_shops,
          nicolae_shop_rolling_square
D:6:      minmay_goblin_kobold_castle, layout_layer_cave,
          mainiacjoe_overflow_surrounded_room, mainiacjoe_overflow_catwalk,
          mainiacjoe_overflow_tiny_flanked, grunt_temple_overflow_open
D:7:      cheibrodos_shockbox, layout_cave_pods, grunt_dithmenos_smoke,
          amcnicky_altar_gilded
D:8:      layout_basic, hex_intersection, uniq_grum
D:9:      layout_basic, ashenzari_altar_1, supply_closet_lemuel
D:10:     layout_loops_cross, kennysheep_mini, lair_entry_dummy
D:11:     minmay_the_grid_square_5x5_5x5_mashed [minmay_the_grid_square_5x5_two,
          minmay_the_grid_square_5x5_broken_cross,
          minmay_the_grid_square_5x5_trominoes,
          minmay_the_grid_square_5x5_almost_minimal,
          minmay_the_grid_square_5x5_bite, minmay_the_grid_square_5x5_meh,
          minmay_the_grid_square_5x5_prize_itemx,
          minmay_the_grid_square_5x5_shuriken,
          minmay_the_grid_square_5x5_prize_rear_guard,
          minmay_the_grid_square_5x5_checkered,
          minmay_the_grid_square_5x5_doubleslash,
          minmay_the_grid_square_5x5_forky,
          minmay_the_grid_square_5x5_prize_pseudospiral,
          minmay_the_grid_square_5x5_longway,
          minmay_the_grid_square_5x5_inner_z, minmay_the_grid_square_5x5_corner,
          minmay_the_grid_square_5x5_prize_open,
          minmay_the_grid_square_5x5_checkered_statues,
          minmay_the_grid_square_5x5_prize_gold,
          minmay_the_grid_square_5x5_plus,
          minmay_the_grid_square_5x5_tetrominoes,
          minmay_the_grid_square_5x5_fat_x,
          minmay_the_grid_square_5x5_two_walls_a,
          minmay_the_grid_square_5x5_slash, minmay_the_grid_square_5x5_seven],
          layout_basic, orc_0_dummy
D:12:     layout_gridville, fungi_pond_lemuel, kennysheep_flooded_box
D:13:     layout_basic, grunt_vaults_entry_tiered, gammafunk_ghost_arena,
          minmay_door_square
D:14:     layout_stronghold, gammafunk_ghost_mausoleum, grunt_qazlal_clouds,
          drop_trap, minivault_23
D:15:     hangedman_depths_entry_try_elsewhere_first, layout_loops_ring,
          amcnicky_mini_pool_small
Temple:   hellmonk_temple_divided_pantheon
Lair:1:   layout_cave_pods, infiniplex_staircase_pool_2, grunt_megastairs_4
Lair:2:   layout_small_grid, minmay_shoals_entry_beasts
Lair:3:   layout_loops_ring, spider_nest_entry_rubble, st_stairs_7
Lair:4:   layout_cave_pods, slime_entry_1, eino_small_chamber_without_monster,
          grunt_megastairs_3, uniq_nessos
Lair:5:   minmay_lair_end_enchanted_forest, layout_small_grid
Shoals:1: layout_shoals, hangedman_shoal_volcano, uniq_nikola
Shoals:2: layout_shoals, serial_shops, shop, nicolae_shoals_pincushion_passage,
          uniq_polyphemus
Shoals:3: cheibrodos_shoals_baths, layout_shoals, serial_shops,
          nicolae_lakefront_shop, uniq_roxanne
Shoals:4: shoals_end_grunt_ice, layout_shoals, shoal_ilsuiw, serial_shops, shop,
          nicolae_shoals_siren_and_animal_friends
Spider:1: layout_spider_delve
Spider:2: layout_cave_pods
Spider:3: layout_spider_delve, uniq_mlioglotl
Spider:4: grunt_spider_rune_parallel, drop_trap, uniq_arachne
Orc:1:    layout_caves
Orc:2:    grunt_orc_cross, layout_caves, basic_altar, serial_shops,
          nicolae_shop_rolling_square, portal_ice_cave_demonic_guard,
          mines2_david
Elf:1:    layout_gridlike, enter_trove_0, basic_altar,
          nicolae_elf_theology_debate, serial_library_hellmonk_statue_hall
Elf:2:    elven_hall_of_blades_hangedman_original
          [nicolae_vaults_blade_armed_guards], layout_loops_corners,
          serial_shops, nicolae_stop_n_shop_2, lemuel_upstairs_altar
Elf:3:    grunt_elf_hall_spiral, layout_loops_corners, basic_altar, uniq_louise
Vaults:1: nicolae_vaults_trapezoid_4, v_alt_pattern_6,
          nicolae_vaults_trapezoid_layered, vaults_room_stairs_pillars,
          grunt_vaults_funnel, nicolae_vaults_meiosis, vaults_room_fours,
          vaults_mumra_minichess_inversion, nicolae_vaults_storage_room_glass,
          v_misc_18, nicolae_vaults_shipping_containers_4, vaults_dpeg_doors,
          nicolae_vaults_rhombus_6, nicolae_vaults_tetromino_L_1,
          vaults_mumra_chevron, layout_vaults_omnicross

Skill      XL: |  1  2  3  4  5  6  7  8  9 10 11 12 13 14 15 16 17 18 19 20 |
---------------+-------------------------------------------------------------+-----
Ranged Weapons | 4 5 6 7 8 10 13 14 | 14.0
Dodging        | 3 5 7 8 10 11 13 14 15 16 | 16.8
Invocations    | 2 4 6 7 9 10 | 10.0
Fighting       | 5 8 11 13 15 17 19 21 22 23 | 23.5
Evocations     | 6 12 15 | 15.4
Stealth        | |  0.7

Action                     |  1- 3 |  4- 6 |  7- 9 | 10-12 | 13-15 | 16-18 | 19-21 || total
---------------------------+-------+-------+-------+-------+-------+-------+-------++-------
   Fire: Sling             |   120 |   190 |   724 |   950 |  2364 |  3106 |  1614 ||  9068
 Invoke: Ancestor Identity |       |       |     1 |       |       |       |       ||     1
         Recall Ancestor   |       |       |     1 |       |     2 |     7 |     2 ||    12
         Ancestor Life: Ba |       |       |     1 |       |       |       |       ||     1
         Idealise          |       |       |       |       |     2 |     5 |     3 ||    10
Ability: Invent Gizmo      |       |       |       |       |     1 |       |       ||     1
    Use: Scroll            |     2 |     3 |    10 |    10 |     9 |     7 |    10 ||    51
         Potion            |       |       |       |       |     2 |     7 |     6 ||    15
 Armour: Leather armour    |    10 |    11 |    85 |     9 |     8 |       |       ||   123
         Steam dragon scal |       |       |       |    45 |     9 |       |       ||    54
         Robe              |       |       |       |       |    65 |   226 |    98 ||   389
  Dodge: Dodged            |     6 |    11 |    53 |    56 |   167 |   512 |   182 ||   987

Table legend: (Time is in decaauts)
 A = Elapsed time spent in this place.
 B = Non-inter-level travel time spent in this place.
 C = Inter-level travel time spent in this place.
 D = Time resting spent in this place.
 E = Time spent auto-exploring this place.
 F = Levels seen in this place.
 G = Mean time per level.
                   A        B        C        D        E       F      G
               +--------+--------+--------+--------+--------+-----+--------+
         Total |  37720 |  34040 |   3680 |   4189 |  24223 |  36 | 1047.8 |
       Dungeon |  15211 |  13598 |   1613 |   1263 |  10309 |  15 | 1014.1 |
        Temple |     36 |      6 |     30 |      0 |      0 |   1 |   36.0 |
          Lair |   5805 |   5201 |    604 |    355 |   4146 |   5 | 1161.0 |
        Shoals |   6408 |   5922 |    486 |    752 |   4165 |   4 | 1602.0 |
   Spider Nest |   6026 |   5375 |    651 |   1188 |   3327 |   4 | 1506.5 |
  Orcish Mines |   1432 |   1333 |     99 |    117 |    888 |   2 |  716.0 |
   Elven Halls |   2335 |   2140 |    195 |    289 |   1348 |   3 |  778.3 |
        Vaults |     51 |     51 |      0 |      0 |     18 |   1 |   51.0 |
      Ice Cave |    411 |    411 |      0 |    222 |     21 |   1 |  411.0 |
               +--------+--------+--------+--------+--------+-----+--------+

Top non-repeatable levels by time:
     D:6: 2289 daAuts
Spider:4: 2058 daAuts
Shoals:3: 1832 daAuts
Spider:2: 1712 daAuts
Shoals:2: 1584 daAuts
Shoals:1: 1582 daAuts
    D:11: 1505 daAuts
Spider:3: 1501 daAuts
Shoals:4: 1409 daAuts
   Elf:2: 1275 daAuts
  Lair:2: 1211 daAuts
  Lair:1: 1209 daAuts
    D:14: 1160 daAuts
  Lair:3: 1155 daAuts
  Lair:5: 1131 daAuts
